 Dungeon Crawl Stone Soup version 0.24.1-1-gd1d2a07e1b (webtiles) character file.

Game seed: 3481009661841791172, levelgen mode: deterministic

250 4FPSwarrior the Chopper (level 5, -1/45 HPs)
             Began as a Demigod Fighter on Apr 11, 2020.
             Slain by a hound (3 damage)
             ... on level 2 of the Dungeon.
             The game lasted 00:10:12 (2771 turns).

4FPSwarrior the Chopper (Demigod Fighter)           Turns: 2771, Time: 00:10:13

Health: -1/45      AC:  8    Str: 26    XL:     5   Next: 57%
Magic:  7/7        EV:  8    Int: 12    God:
Gold:   92         SH: 11    Dex: 15    Spells: 4/4 levels left

rFire    . . .     SeeInvis .   a - +1 war axe
rCold    . . .     Gourm    .   c - +1 shield
rNeg     . . .     Faith    .   b - +0 scale mail
rPois    .         Spirit   .   e - +0 helmet
rElec    .         Reflect  .   (no cloak)
rCorr    .         Harm     .   (no gloves)
MR       .....                  (no boots)
Stlth    ..........             (no amulet)
HPRegen  0.15/turn              (no ring)
MPRegen  0.10/turn              (no ring)

@: mighty
A: high mp 1
a: no special abilities


You were on level 2 of the Dungeon.
You were hungry.

You visited 1 branch of the dungeon, and saw 3 of its levels.
You also visited: Sewer.

You collected 92 gold pieces.

Inventory:

Hand Weapons
 a - a +1 war axe (weapon)
Missiles
 g - 130 stones
 l - 3 boomerangs (quivered)
Armour
 b - a +0 scale mail (worn)
 c - a +1 shield (worn)
 e - a +0 helmet (worn)
 i - a +2 plate armour of fire resistance
Jewellery
 k - an uncursed ring of protection from fire {unknown}
Scrolls
 h - a scroll of fear {unknown}
 j - a scroll of amnesia {unknown}
 o - a scroll of blinking {unknown}
 p - 2 scrolls of teleportation {unknown}
 r - a scroll of identify {unknown}
 t - a scroll of remove curse {unknown}
Potions
 d - 2 potions of might
 m - a potion of haste {unknown}
 n - a potion of mutation {unknown}
 q - 5 potions of flight {unknown}
 s - a potion of lignification {unknown}
Comestibles
 f - 6 rations


   Skills:
 + Level 3.6 Fighting
 * Level 3.9 Axes
 + Level 3.2 Armour
 + Level 1.4 Dodging
 + Level 3.2 Shields


You had 4 spell levels left.
You didn't know any spells.
Your spell library was empty.

Dungeon Overview and Level Annotations

Branches:
Dungeon (3/15)              Sewer (visited)


Innate Abilities, Weirdness & Mutations

You have an increased reservoir of magic. (+10% MP)


Message History

You closely miss the hound.
The hound is almost dead.
You feel sick.
The hound bites you but does no damage. x2
You closely miss the hound.
The hound is almost dead.
The hound bites you.
* * * LOW HITPOINT WARNING * * *
You block the hound's attack.
You feel very mighty all of a sudden. The hound bites you.
* * * LOW HITPOINT WARNING * * *
You completely miss the hound.
The hound is severely wounded.
You feel sick.
You are no longer poisoned.
You block the hound's attack. The hound bites you but does no damage.
You barely miss the hound.
The hound is severely wounded.
The hound barely misses you. The hound bites you.
You die...

######..#...........#######..
#.......................# ##.
#.####...#.#............####.
#.....###....................
#####.#<......#####.....####.
#.......#.# #.....# ##
#########.# ##.....# #
#..h..####......# #
#...@..##......)## #
#......#...≈≈≈...####
#......#..≈≈≈≈≈....##
#......#..≈≈♣≈≈....##
#......#..≈≈≈≈≈....#
####.##♣...≈≈≈.÷.♣## ###
♣♣.......♣♣ ♣♣.....♣♣ ♣♣...♣♣


You could see a hound.

Vanquished Creatures
  A hound (D:3)
  2 orc priests (D:3)
  Robin (D:2)
  3 adders
  A river rat (D:3)
  An ooze (D:2)
  2 worms (D:2)
  4 dart slugs
  4 leopard geckos
  6 orcs
  3 ball pythons
  A giant cockroach (D:3)
  16 goblins
  6 hobgoblins
  7 jackals
  4 kobolds
  3 quokkas
  9 bats
  8 frilled lizards
  4 rats
86 creatures vanquished.

Notes
Turn   | Place    | Note
-------+----------+-------------------------------------------
     0 | D:1      | 4FPSwarrior the Demigod Fighter began the quest for the
                  | Orb.
     0 | D:1      | Reached XP level 1. HP: 18/18 MP: 3/3
   347 | D:1      | Reached XP level 2. HP: 24/25 MP: 4/4
   798 | D:2      | Found an iron altar of Okawaru.
  1146 | D:2      | Reached XP level 3. HP: 31/31 MP: 5/5
  1164 | D:2      | Found a white marble altar of Elyvilon.
  1538 | D:3      | Noticed Robin
  1726 | D:2      | Killed Robin
  1726 | D:2      | Reached XP level 4. HP: 31/38 MP: 6/6
  1837 | D:3      | Found a sacrificial altar of Ru.
  1850 | D:3      | Found a basalt altar of Yredelemnul.
  1852 | D:3      | Found a glowing golden altar of the Shining One.
  1910 | D:3      | Found a glowing drain.
  1980 | Sewer    | Entered a sewer
  2038 | Sewer    | Reached skill level 1 in Dodging
  2333 | D:3      | Found a hide-covered altar of Uskayaw.
  2378 | D:3      | Found a glowing silver altar of Zin.
  2450 | D:3      | Reached XP level 5. HP: 34/45 MP: 7/7
  2770 | D:2      | HP: 2/45 [poisoned by a gnoll]
  2771 | D:2      | Slain by a hound

Levels and vault maps discovered:
D:1:      dpeg_arrival_connections, layout_basic, fountainhead, minmay_distorted
D:2:      layout_basic, okawaru_ov_weapons_minmay, elyvilon_altar_3
D:3:      layout_rooms, grunt_temple_overflow_open, overflow_temple_1_default,
          zin_treasury, gup_sewer_entry_bubbles, cheibrodos_gnoll_hut,
          uniq_robin

Skill      XL: |  1  2  3  4 |
---------------+-------------+-----
Axes           | 2 3 |  3.9
Fighting       | 3 |  3.6
Armour         | 3 |  3.2
Shields        | 3 |  3.2
Dodging        | 1 |  1.4

Action                   |  1- 3 |  4- 6 || total
-------------------------+-------+-------++-------
Melee: War axe           |   135 |   108 ||   243
Throw: Stone             |     6 |       ||     6
       Boomerang         |    17 |     4 ||    21
  Use: Scroll            |     2 |       ||     2
       Potion            |       |     1 ||     1
  Eat: Chunk             |     3 |     3 ||     6
Armor: Scale mail        |    67 |    67 ||   134
Dodge: Dodged            |    46 |    58 ||   104
Block: Shield            |    86 |    91 ||   177
